AoeStats
← Chiripa605

Hill Fort

503998727Analyzed
4v4 RM · 29d ago on Sep 3, 2026· 37m 37s· 8 players
Game mode
Random Map
Map size
Large (8 player)
Population
200
Speed
Normal
Resources
Standard
Victory
Conquest
Starting age
Dark Age
Ending age
Imperial Age
RankedLock teamsTeams togetherTeam positionsShared explorationLock speedFull tech treeHidden civsTurbo modeCheats
Victory
Defeat
🇹🇼 Britons · Taiwan
1288
+14
🇨🇳 Maya · China
1267
+14
🇦🇷 Khmer · Argentina
1254
+15
🇩🇪 Turks · Germany
1244
+16
🇹🇼 Portuguese · Taiwan
1262
-16
🇺🇸 Vietnamese · United States
1240
-15
🇺🇸 Japanese · United States
1232
-15
🇫🇮 Vikings · Finland
1203
-13
pasonnosap
11:17 Feudal Age
16:11 Castle Age
15:07 Double-Bit Axe
15:03 Horse Collar
15:57 Gold Mining
16:01 Stone Mining
19:57 Loom
21:56 Wheelbarrow
21:46 Heavy Plow
22:49 Fletching
23:30 Padded Archer Armor
24:12 Bodkin Arrow
26:20 Leather Archer Armor
33:14 Imperial Age
32:10 Ballistics
31:58 Gold Mining
33:15 Masonry
34:04 Bracer
35:25 Chemistry
34:53 Forging
35:32 Conscription
36:31 Bow Saw
37:37 Ring Archer Armor
38:17 Hand Cart
帅气的孔
10:13 Feudal Age
11:02 Loom
14:02 Castle Age
12:40 Double-Bit Axe
15:21 Horse Collar
21:37 Heavy Plow
22:12 Wheelbarrow
21:51 Bow Saw
25:35 Husbandry
24:56 Light Cavalry
29:38 Imperial Age
27:26 Hand Cart
26:57 Town Watch
27:31 Gold Mining
27:31 Stone Mining
32:55 Chemistry
32:38 Gold Shaft Mining
34:09 Crop Rotation
34:24 Scale Barding Armor
34:29 Forging
35:24 Chain Barding Armor
36:28 Bloodlines
36:56 Iron Casting
36:47 Elite Battle Elephant
Magnus
5:18 Loom
12:18 Feudal Age
16:11 Castle Age
14:08 Double-Bit Axe
14:31 Horse Collar
17:35 Bow Saw
18:34 Gold Mining
19:29 Gold Mining
20:44 Town Watch
25:00 Wheelbarrow
27:25 Padded Archer Armor
30:55 Hand Cart
31:06 Leather Archer Armor
31:05 Heavy Plow
31:41 Town Patrol
32:50 Stone Mining
33:38 Gold Shaft Mining
34:04 Fletching
37:11 Imperial Age
37:13 Elite Janissary
38:19 Conscription
38:33 Ring Archer Armor
37:58 Bodkin Arrow
38:27 Ballistics
lovelypiggy
0:33 Loom
11:41 Feudal Age
15:32 Castle Age
13:42 Double-Bit Axe
15:42 Horse Collar
16:47 Bow Saw
21:34 Wheelbarrow
24:11 Heavy Plow
24:49 Gold Mining
24:50 Stone Mining
25:07 Stone Mining
26:56 Hand Cart
32:11 Imperial Age
30:06 Squires
29:53 Arson
30:08 Town Watch
30:26 Scale Mail Armor
30:37 Forging
30:19 Eagle Warrior
32:00 Chain Mail Armor
33:22 Holcans
33:15 Conscription
32:27 Elite Eagle Warrior
33:54 Plate Mail Armor
34:00 Iron Casting
34:14 Iron Casting
35:56 Crop Rotation
36:28 Two-Man Saw
36:31 Blast Furnace
WhiteFrost
8:33 Loom
10:41 Feudal Age
11:47 Double-Bit Axe
13:22 Horse Collar
18:49 Castle Age
17:17 Fletching
20:34 Bow Saw
20:57 Gold Mining
21:36 Town Watch
22:27 Padded Archer Armor
24:00 Stone Mining
25:09 Wheelbarrow
25:23 Elite Skirmisher
26:08 Bodkin Arrow
27:53 Leather Archer Armor
31:34 Bloodlines
36:23 Imperial Age
37:25 Caravan
38:01 Conscription
Chiripa605
10:43 Feudal Age
12:15 Loom
15:29 Castle Age
14:10 Double-Bit Axe
14:17 Horse Collar
16:24 Bow Saw
16:28 Heavy Plow
18:15 Squires
19:47 Wheelbarrow
22:54 Scale Mail Armor
23:11 Arson
25:03 Gold Mining
25:55 Hand Cart
31:52 Imperial Age
29:22 Fletching
29:52 Bodkin Arrow
30:49 Padded Archer Armor
32:37 Bracer
33:40 Chemistry
33:11 Leather Archer Armor
33:09 Thumb Ring
34:27 Two-Man Saw
34:32 Ring Archer Armor
34:25 Ballistics
35:16 Elite Rattan Archer
36:27 Chain Mail Armor
37:39 Paper Money
Riski
9:57 Feudal Age
10:28 Double-Bit Axe
14:12 Fishing Lines
22:26 Castle Age
23:46 Bow Saw
24:53 Gillnets
25:49 Stone Mining
28:44 Imperial Age
26:55 Scale Mail Armor
27:15 Loom
28:58 Chain Mail Armor
28:54 Forging
30:36 Plate Mail Armor
30:04 Town Watch
31:48 Two-Man Saw
31:07 Chieftains
30:28 Elite Berserk
31:14 Squires
31:00 Arson
31:23 Gold Mining
32:10 Conscription
32:54 Iron Casting
34:46 Blast Furnace
36:53 Horse Collar
alex1993327
0:28 Loom
11:26 Feudal Age
18:43 Castle Age
16:40 Double-Bit Axe
17:05 Horse Collar
18:57 Gold Mining
19:28 Heavy Plow
19:46 Bow Saw
26:12 Imperial Age
32:18 Wheelbarrow
31:10 Elite Organ Gun
33:34 Hand Cart
Connection lost

Rejoining the realm…

Still unreachable

The connection could not be restored.

Session expired

The server has moved on; the page needs a fresh start.